Map: Torri del crepuscolo

Players

demon - Winner!

  • Race: Zerg Zerg
  • League: Gold

Jhyrachy

  • Race: Zerg Zerg
  • League: Gold

VOD

Have the link to the VOD?

Description

Time

  • Played on: April 18, 2016, 9:39 a.m.
  • Length: 11:17
Show
View Real Time Build Order
Export as new Build Order

demon Zerg - Winner!

Build Orders: Pool First 

Get SALT Encoding   

  12  0:02  Drone  
  13  0:12  Overlord  
  13  0:17  Drone  
  14  0:30  Drone  
  14  0:31  Drone  
  14  0:35  Drone  
  17  0:46  Spawning Pool  
  16  0:50  Extractor  
  16  0:51  Drone  
  16  0:56  Drone  
  17  1:07  Drone  
  18  1:18  Drone  
  19  1:33  Hatchery, Queen  
  20  1:41  Overlord  
  20  1:51  Metabolic Boost  
  21  1:54  Zergling x2  
  21  1:55  Zergling x2  
  22  2:06  Roach Warren  
  21  2:09  Drone  
  22  2:20  Drone  
  22  2:37  Spine Crawler  
  21  2:53  Roach x5  
  31  3:01  Queen  
  32  3:23  Drone x4  
  32  3:26  Overlord x2  
  36  3:37  Extractor  
  35  3:51  Drone x2  
  35  3:52  Drone  
  35  3:53  Drone  
  35  3:54  Drone x4  
  43  4:06  Drone x2  
  44  4:28  Roach x4  
  44  4:30  Overlord x3  
  52  4:40  Evolution Chamber  
  52  4:43  Evolution Chamber  
  50  4:52  Lair  
  50  4:57  Extractor, Drone  
  50  4:58  Drone x5, Extractor  
  50  4:59  Drone  
  55  5:12  Zerg Missile Weapons Level 1  
  55  5:13  Zerg Ground Armor Level 1  
  55  5:23  Roach x3  
  61  5:31  Drone x3  
  61  5:33  Drone x3  
  61  5:35  Drone  
  68  5:50  Glial Reconstitution  
  68  5:55  Hatchery  
  67  6:01  Hydralisk Den  
  66  6:13  Drone x2  
  72  6:18  Roach x3  
  72  6:19  Roach  
  72  6:20  Overlord x2  
  76  6:39  Muscular Augments  
  76  6:43  Ravager x3  
  76  6:45  Ravager  
  80  7:08  Zerg Missile Weapons Level 2  
  80  7:17  Zerg Ground Armor Level 2  
  80  7:24  Overlord x2  
  80  7:41  Queen  
  80  7:43  Overlord x2  
  82  7:51  Spore Crawler  
  81  7:53  Hydralisk x4  
  81  7:54  Spore Crawler, Hydralisk x4  
  84  8:18  Spore Crawler  
  83  8:25  Hydralisk  
  83  8:26  Hydralisk x6  
  86  8:50  Hydralisk x2  
  90  9:08  Overlord x3  
  90  9:21  Overlord x3  
  90  9:38  Overlord, Queen x2  
  90  9:39  Overlord x2  
  90  9:44  Roach x2  
  90  9:45  Roach x3  
  104  9:54  Overlord  
  104  10:13  Roach x7  
  118  10:33  Drone x5  
  118  10:34  Drone  
Show
View Real Time Build Order
Export as new Build Order

Jhyrachy Zerg 

Build Orders: Pool First 

Get SALT Encoding   

  12  0:01  Drone  
  13  0:09  Drone  
  14  0:18  Extractor  
  14  0:20  Extractor  
  14  0:21  Drone  
  13  0:23  Drone  
  15  0:41  Spawning Pool  
  14  0:45  Overlord  
  14  1:04  Drone  
  14  1:05  Drone  
  14  1:07  Overlord  
  16  1:29  Zergling x4, Queen  
  20  1:34  Metabolic Boost  
  20  1:41  Zergling x2  
  21  1:56  Zergling x2  
  21  1:59  Drone  
  23  2:10  Hatchery  
  22  2:16  Zergling x2  
  23  2:29  Zergling x2  
  24  2:43  Queen  
  26  2:48  Drone  
  26  2:49  Extractor, Drone x3  
  28  3:09  Drone x2  
  28  3:34  Roach Warren  
  27  3:40  Drone x3  
  30  3:59  Drone x4  
  30  4:00  Overlord  
  34  4:03  Hatchery  
  31  4:30  Roach x6  
  43  4:31  Overlord  
  43  4:54  Lair  
  43  5:10  Extractor  
  43  5:12  Extractor  
  43  5:14  Roach x4  
  43  5:15  Roach x4  
  57  5:21  Overlord  
  57  5:39  Queen  
  59  5:45  Drone x7  
  59  5:47  Overlord  
  66  6:03  Spire  
  64  6:20  Overlord x2  
  64  6:30  Overlord x2  
  64  6:45  Drone x3  
  67  7:16  Mutalisk x8  
  67  7:21  Drone  
  67  7:22  Drone x6  
  90  7:35  Drone x2  
  90  7:36  Drone x3  
  95  7:37  Overlord  
  57  9:26  Zergling x16  
  57  9:27  Zergling x16  
  73  9:42  Evolution Chamber  
  73  9:44  Evolution Chamber  
  64  10:02  Roach x6  
  64  10:03  Roach x9  
  85  10:25  Spine Crawler  
  84  10:30  Spine Crawler  
  84  10:32  Spine Crawler  
  84  10:33  Ravager x9  
  84  10:34  Ravager  
  51  10:50  Roach x7  
  51  10:51  Roach x4  
Tags
 
Add a new tag
Caveats
  • Supply blocks, unpowered buildings, or Contaminate may cause inaccurate times.
  • Supply counts are checked every 10 seconds.